Map: Old Estate

Players

Mystique

  • Race: Terran Terran
  • Spawn Location: 9:00

Raptuready

  • Race: Protoss Protoss
  • Spawn Location: 7:00

starnight

  • Race: Zerg Zerg
  • Spawn Location: 7:00

Infamous

  • Race: Protoss Protoss
  • League: Silver
  • Spawn Location: 7:00

pilgrimbizkt

  • Race: Terran Terran
  • League: Gold
  • Spawn Location: 1:00

Jimmy

  • Race: Terran Terran
  • Spawn Location: 3:00

ESCUDO

  • Race: Protoss Protoss
  • League: Silver
  • Spawn Location: 3:00

owl

  • Race: Zerg Zerg
  • Spawn Location: 1:00

VOD

Have the link to the VOD?

Description

Time

  • Played on: March 19, 2018, 1:23 p.m.
  • Length: 21:53
Show
View Real Time Build Order
Export as new Build Order

Mystique Terran 

Build Orders:  

Get SALT Encoding   

  12  0:02  SCV  
  14  0:14  SCV  
  14  0:26  SCV  
  14  0:27  Supply Depot  
  15  0:48  SCV  
  16  0:51  Refinery  
  16  0:57  Barracks  
  16  1:00  SCV  
  17  1:12  SCV  
  18  1:25  SCV  
  19  1:26  Refinery  
  19  1:37  SCV  
  20  1:45  Marine  
  21  1:49  SCV  
  22  2:00  Factory  
  22  2:03  Marine  
  23  2:08  Supply Depot  
  23  2:30  Marine  
  23  2:33  Supply Depot  
  24  2:50  Barracks Tech Lab  
  24  2:52  Factory Reactor  
  24  2:55  Starport  
  24  3:13  Supply Depot  
  24  3:14  Marauder, Concussive Shells  
  26  3:35  Starport Tech Lab, Marauder  
  26  3:39  Fusion Core  
  28  3:58  Marauder  
  30  4:28  Battlecruiser  
  36  4:33  Supply Depot  
  34  5:13  Supply Depot  
  34  5:15  Weapon Refit  
  34  5:20  Starport  
  34  5:21  Orbital Command  
  34  5:37  Battlecruiser  
  40  5:59  Starport Tech Lab  
  40  6:03  Starport, Command Center  
  40  6:09  SCV  
  41  6:22  SCV  
  42  6:34  SCV  
  49  6:40  Battlecruiser  
  49  6:42  Starport Tech Lab  
  49  6:49  Supply Depot  
  49  6:52  SCV  
  50  6:57  Refinery  
  50  7:12  Supply Depot  
  50  7:17  Orbital Command  
  50  7:19  Command Center  
  50  7:24  Refinery  
  50  7:52  SCV  
  51  8:04  SCV  
  52  8:11  Supply Depot  
  52  8:16  SCV  
  53  8:26  Battlecruiser  
  59  8:28  SCV  
  60  8:35  Supply Depot  
  60  8:46  Battlecruiser  
  66  8:49  Orbital Command  
  65  9:05  Battlecruiser  
  71  9:11  Engineering Bay  
  71  9:22  SCV  
  72  9:34  SCV  
  71  9:46  SCV  
  72  9:53  Missile Turret  
  72  9:58  SCV  
  73  10:04  Hi-Sec Auto Tracking  
  73  10:05  Battlecruiser  
  85  10:07  Battlecruiser  
  85  10:13  Widow Mine x2  
  89  10:14  Missile Turret  
  89  10:28  Missile Turret  
  89  10:35  Widow Mine x2  
  93  10:52  Battlecruiser  
  99  11:08  Missile Turret  
  99  11:12  Widow Mine  
  99  11:13  Widow Mine  
  103  11:25  SCV  
  104  11:28  Missile Turret  
  104  11:35  SCV  
  104  11:37  SCV  
  106  11:47  SCV  
  106  11:49  SCV  
  106  11:51  Battlecruiser  
  114  11:59  SCV  
  108  12:01  SCV  
  109  12:09  Battlecruiser  
  109  12:11  SCV  
  109  12:12  Battlecruiser  
  109  12:13  SCV  
  123  12:20  Missile Turret  
  123  12:22  Widow Mine  
  125  12:32  Supply Depot  
  125  12:38  Missile Turret  
  125  12:41  Supply Depot  
  125  12:52  Neosteel Frame  
  125  12:54  SCV, Widow Mine  
  125  12:55  Supply Depot  
  128  13:03  Supply Depot  
  128  13:06  Missile Turret  
  128  13:08  Battlecruiser  
  134  13:25  Missile Turret  
  134  13:37  Battlecruiser x2  
  142  14:29  Supply Depot  
  142  14:33  Supply Depot  
  142  14:35  Refinery  
  142  14:39  Refinery  
  142  14:40  Armory  
  142  14:54  Supply Depot  
  142  14:56  Supply Depot  
  142  15:06  Battlecruiser x3  
  160  15:31  Supply Depot  
  160  15:38  Supply Depot  
  160  15:40  Starport, Terran Ship Weapons Level 1  
  160  15:54  Supply Depot  
  160  16:01  Supply Depot  
  160  16:04  Missile Turret  
  160  16:15  Building Armor  
  160  16:23  Missile Turret  
  160  16:36  Widow Mine  
  160  16:37  Widow Mine  
  164  16:44  Missile Turret  
  164  16:58  Starport Tech Lab  
  164  16:59  Starport  
  164  17:05  Missile Turret  
  164  17:12  Battlecruiser x2  
  164  17:13  Battlecruiser  
  182  17:26  Missile Turret  
  182  17:32  Starport  
  182  17:40  Starport  
  182  17:46  Missile Turret  
  182  17:49  Fusion Core  
  182  17:52  Terran Ship Weapons Level 2  
  182  18:04  Missile Turret  
  182  18:30  Starport Tech Lab  
  182  18:34  Starport Tech Lab  
  182  18:46  Command Center  
  182  18:48  Refinery  
  182  18:56  Command Center  
  182  19:00  Widow Mine x2  
  186  19:15  Refinery  
  186  19:21  Battlecruiser, Widow Mine x2  
  196  19:42  Widow Mine  
  196  19:43  Widow Mine  
  196  19:44  Refinery  
  200  19:48  Starport Tech Lab  
  200  20:09  Refinery  
  200  20:11  Orbital Command  
  200  20:25  Orbital Command  
Show
View Real Time Build Order
Export as new Build Order

Raptuready Protoss 

Build Orders:  

Get SALT Encoding   

  12  0:02  Probe  
  13  0:15  Probe  
  14  0:33  Pylon  
  14  0:38  Probe  
  15  1:04  Probe  
  15  1:10  Pylon  
  16  1:19  Nexus  
  16  1:22  Gateway  
  16  1:26  Assimilator  
  16  1:34  Assimilator  
  16  1:42  Probe  
  17  1:55  Probe  
  18  2:07  Probe  
  19  2:09  Pylon  
  19  2:12  Zealot  
  21  2:18  Gateway  
  21  2:21  Probe  
  22  2:32  Forge  
  22  2:46  Zealot  
  24  3:01  Pylon  
  24  3:12  Photon Cannon  
  24  3:24  Photon Cannon  
  24  3:29  Gateway  
  24  3:31  Zealot x2  
  28  3:42  Cybernetics Core  
Show
View Real Time Build Order
Export as new Build Order

starnight Zerg 

Build Orders: Pool First 

Get SALT Encoding   

  12  0:02  Drone  
  13  0:11  Drone  
  14  0:18  Overlord  
  14  0:28  Extractor  
  13  0:35  Drone  
  13  0:38  Drone x2  
  16  0:52  Spawning Pool  
  16  0:54  Drone  
  16  1:00  Drone  
  17  1:12  Drone  
  18  1:29  Hatchery  
  17  1:39  Queen  
  17  1:42  Zergling x2  
  17  1:46  Zergling x2  
  21  1:54  Overlord  
  21  2:04  Zergling x2  
  22  2:11  Metabolic Boost  
  22  2:15  Zergling x2  
  23  2:22  Spine Crawler  
  22  2:26  Zergling x2  
  23  2:39  Zergling x2  
  23  2:40  Zergling x2  
  25  2:46  Drone  
  26  2:54  Spore Crawler  
  26  2:58  Drone x4  
  28  3:05  Extractor  
  28  3:11  Lair  
  28  3:19  Drone x2  
  29  3:38  Overlord  
  29  3:39  Drone x2  
  31  3:48  Extractor  
  29  4:19  Zergling x12  
  29  4:20  Zergling x2  
  36  4:28  Spire  
  35  4:34  Queen  
  35  4:36  Drone x3  
  40  5:01  Overlord x2  
  40  5:06  Drone x3  
  43  5:15  Extractor  
  43  5:16  Drone x2  
  43  5:18  Overlord  
  44  5:43  Mutalisk x5  
  54  5:57  Hatchery  
  54  6:00  Mutalisk x5  
  63  6:12  Drone x3  
  66  6:19  Pneumatized Carapace  
  66  6:32  Zerg Flyer Weapons Level 1  
  66  6:45  Drone x2  
  68  6:48  Overlord x3  
  68  6:53  Overseer  
  68  7:16  Mutalisk x5  
  78  7:31  Drone x6  
  78  7:32  Drone  
  85  7:46  Spore Crawler  
  84  7:51  Mutalisk x3  
  84  7:56  Mutalisk  
  92  8:01  Overseer  
  92  8:27  Zerg Flyer Armor Level 1  
  42  8:48  Mutalisk  
  42  8:49  Mutalisk x5  
  54  9:03  Extractor  
  54  9:06  Queen  
  55  9:26  Drone x3  
  55  9:30  Drone  
  55  9:31  Drone x2  
  61  9:37  Extractor  
  60  9:49  Mutalisk x4  
  60  9:50  Mutalisk  
  70  9:57  Mutalisk x2  
  70  9:58  Mutalisk x2  
  78  10:10  Spine Crawler  
  77  10:29  Mutalisk x2  
  77  10:33  Overlord  
  77  10:34  Overlord x2  
  81  10:41  Hatchery  
  80  11:00  Spine Crawler  
  80  11:02  Mutalisk x6, Spine Crawler  
  90  11:06  Spine Crawler  
  90  11:11  Overseer x3  
  89  11:20  Mutalisk x4  
  97  11:29  Zerg Flyer Weapons Level 2  
  97  12:50  Mutalisk  
  97  12:51  Mutalisk x6  
  43  14:20  Mutalisk x6  
  55  14:25  Mutalisk x2  
  55  14:26  Mutalisk x6  
  55  14:27  Mutalisk x6  
  55  14:28  Mutalisk x2  
  87  14:45  Hatchery  
  76  15:49  Zergling x12  
  82  15:59  Evolution Chamber  
  82  16:00  Zergling x2  
  82  16:01  Zergling x12  
  82  16:02  Zergling x12  
  94  16:13  Overlord x3  
  94  16:34  Zerg Melee Weapons Level 1  
  94  16:35  Hatchery  
  94  16:39  Zergling x4  
  95  16:54  Zergling x4  
  95  16:55  Zergling x12  
  95  16:56  Zergling x8  
  107  17:18  Drone x3  
  110  17:42  Mutalisk x4  
  118  17:48  Overlord x4  
  118  17:59  Spore Crawler  
  118  18:01  Spore Crawler  
  116  18:11  Mutalisk x6  
  116  18:12  Mutalisk x7  
  134  18:19  Overseer x3  
  142  18:27  Drone x3  
  143  18:32  Drone x3  
  148  18:34  Queen  
  98  20:44  Corruptor x2  
  98  20:45  Corruptor x6  
  98  20:46  Corruptor x3  
  119  21:18  Corruptor x2  
  119  21:19  Corruptor x6  
Show
View Real Time Build Order
Export as new Build Order

Infamous Protoss 

Build Orders:  

Get SALT Encoding   

  12  0:03  Probe  
  13  0:15  Pylon  
  13  0:18  Probe  
  14  0:30  Probe  
  15  0:36  Gateway  
  15  0:48  Probe (Chrono Boost)  
  17  0:58  Probe (Chrono Boost)  
  17  1:01  Assimilator  
  17  1:03  Probe (Chrono Boost)  
  18  1:16  Probe  
  18  1:17  Pylon  
  19  1:23  Cybernetics Core  
  19  1:28  Probe  
  20  1:40  Probe  
  20  1:42  Assimilator  
  20  1:44  Pylon  
  21  1:52  Probe  
  22  2:07  Robotics Facility  
  22  2:11  Probe  
  23  2:20  Warp Gate (Chrono Boost)  
  23  2:23  Probe, Zealot  
  26  2:35  Probe  
  26  2:47  Probe  
  27  2:56  Warp Prism  
  29  2:58  Stargate  
  29  3:00  Probe  
  30  3:12  Pylon  
  30  3:30  Robotics Bay  
  30  3:34  Robotics Facility  
  30  3:39  Immortal  
  30  3:41  Probe  
  35  3:43  Gateway  
  35  4:21  Immortal  
  35  4:22  Disruptor  
  42  4:24  Stalker  
  44  4:36  Gateway, Nexus  
  44  4:40  Pylon  
  44  4:47  Stalker  
  46  4:58  Stalker  
  48  5:00  Disruptor (Chrono Boost)  
  51  5:11  Zealot  
  53  5:29  Forge  
  53  5:47  Disruptor  
  56  6:03  Probe x2  
  58  6:08  Assimilator  
  54  6:33  Stalker  
  54  6:34  Stalker x2  
  60  6:50  Immortal x2  
  68  6:58  Probe x2  
  70  7:09  Gateway  
  70  7:11  Gateway, Assimilator, Protoss Ground Weapons Level 1 (Chrono Boost)  
  70  7:13  Gateway  
  70  7:35  Pylon  
  70  7:40  Pylon  
  70  7:42  Pylon  
  70  7:45  Pylon  
  70  7:47  Pylon  
  70  7:48  Pylon  
  70  7:53  Probe x2, Forge  
  70  7:55  Disruptor x2  
  78  8:00  Zealot x2  
  82  8:06  Probe x2  
  84  8:16  Gateway  
  54  8:54  Zealot  
  54  8:55  Zealot x5  
  62  8:59  Colossus x2 (Chrono Boost)  
  74  9:13  Protoss Ground Armor Level 1 (Chrono Boost)  
  74  9:15  Twilight Council  
  74  9:23  Stalker  
  74  9:24  Stalker  
  78  9:27  Sentry  
  80  9:45  Shield Battery  
  80  9:47  Charge (Chrono Boost)  
  80  9:49  Photon Cannon  
  80  9:52  Photon Cannon  
  80  9:59  Sentry x3  
  86  10:00  Sentry  
  82  10:18  Stalker x2  
  82  10:19  Stalker  
  88  10:29  Templar Archives  
  88  10:34  Stalker x2  
  92  10:38  Sentry  
  92  10:39  Sentry  
  96  10:55  Psionic Storm  
  96  10:57  Protoss Ground Armor Level 2 (Chrono Boost)  
  96  10:58  Stalker  
  98  11:11  Protoss Shields Level 1 (Chrono Boost)  
  98  11:13  Blink  
  98  11:18  Probe  
  98  11:25  High Templar  
  101  11:28  Stalker  
  103  11:35  Warp Prism (Chrono Boost)  
  103  11:38  Observer (Chrono Boost)  
  106  11:54  High Templar  
  106  11:56  Stalker x2  
  106  11:57  Stalker  
  114  12:20  Nexus  
  114  12:22  Pylon  
  114  12:39  Colossus (Chrono Boost)  
  120  12:48  Sentry x2  
  120  12:49  Zealot  
  90  13:40  Stalker  
  90  13:41  Stalker x5  
  90  13:42  Stalker  
  97  14:04  Probe x2  
  97  14:05  Probe  
  97  14:07  Stalker x5  
  97  14:08  Stalker x2  
  112  14:29  Probe  
  113  14:31  Gateway  
  113  14:33  Gateway  
  113  14:34  Assimilator  
  113  14:37  Gateway  
  102  14:53  Disruptor x2 (Chrono Boost)  
  102  14:57  Probe  
  109  15:01  Probe x2  
  111  15:09  Probe  
  112  15:17  Protoss Ground Weapons Level 2 (Chrono Boost)  
  112  15:19  Colossus  
  112  15:20  Disruptor  
  112  15:24  Probe x3  
  112  15:27  Assimilator  
  124  15:36  Probe  
  125  15:51  Stalker  
  125  15:52  Stalker x3  
  133  16:01  Pylon  
  133  16:16  Colossus  
  133  16:18  Colossus  
  139  16:21  High Templar x2  
  149  16:26  Pylon  
  149  16:43  Archon  
  149  16:54  Extended Thermal Lance (Chrono Boost)  
  149  16:58  Protoss Ground Armor Level 3 (Chrono Boost)  
  147  17:38  High Templar  
  147  17:39  High Templar x2  
  152  17:51  Archon  
  152  17:53  Archon  
  152  17:57  Sentry x2  
  156  18:01  Probe  
  157  18:11  Pylon  
  157  18:14  Pylon  
  157  18:17  Pylon  
  157  18:20  Pylon  
  157  18:22  Photon Cannon  
  157  18:24  Photon Cannon  
  157  18:25  Protoss Ground Weapons Level 3 (Chrono Boost)  
  157  18:28  Photon Cannon  
  157  18:29  Probe  
  158  18:35  Disruptor (Chrono Boost)  
  161  18:43  Probe x3  
  164  18:58  High Templar  
  164  19:00  Stalker  
  168  19:05  Zealot x4  
  168  19:06  Zealot x4  
  184  19:38  Stalker x2  
  188  19:47  Probe  
  189  20:23  Probe  
Show
View Real Time Build Order
Export as new Build Order

pilgrimbizkt Terran 

Build Orders:  

Get SALT Encoding   

  12  0:42  SCV  
  13  0:48  Command Center  
  13  0:51  Supply Depot  
  13  1:06  SCV  
  14  1:17  Refinery  
  14  1:18  SCV  
  15  1:33  SCV  
  16  1:45  SCV  
  16  1:46  Refinery  
  17  1:57  SCV  
  17  2:00  Engineering Bay  
  18  2:06  Supply Depot  
  18  2:09  SCV  
  19  2:20  SCV  
  19  2:22  SCV  
  21  2:33  Supply Depot  
  21  2:46  SCV  
  22  2:55  Hi-Sec Auto Tracking  
  22  2:58  SCV  
  23  3:04  SCV  
  23  3:05  Missile Turret  
  24  3:10  SCV  
  25  3:16  SCV  
  26  3:22  SCV  
  26  3:23  Missile Turret  
  26  3:26  Missile Turret  
  27  3:32  SCV  
  28  3:35  SCV  
  29  3:44  SCV  
  29  3:48  SCV  
  31  3:52  Building Armor  
  31  3:59  SCV  
  32  4:06  Command Center  
  32  4:12  SCV  
  32  4:15  Planetary Fortress  
  33  4:24  SCV  
  34  4:33  Refinery x2  
  34  4:37  SCV  
  35  4:49  SCV  
  36  5:01  SCV, Command Center  
  37  5:27  Planetary Fortress  
  38  5:41  Missile Turret, Planetary Fortress  
  37  6:01  Missile Turret  
  37  6:05  Supply Depot  
  37  6:07  Supply Depot  
  37  6:18  Planetary Fortress  
  37  6:22  Missile Turret  
  37  6:27  Missile Turret  
  37  6:43  Missile Turret  
  37  6:48  Missile Turret  
  37  6:49  SCV x3  
  40  6:54  SCV  
  40  6:57  Neosteel Frame  
  40  7:01  SCV x3  
  42  7:04  Missile Turret  
  42  7:06  SCV  
  45  7:09  Missile Turret  
  45  7:13  SCV x3  
  48  7:17  Missile Turret  
  48  7:19  SCV  
  48  7:20  Missile Turret  
  49  7:25  SCV  
  49  7:26  Missile Turret  
  49  7:29  Missile Turret  
  50  7:30  Missile Turret x2  
  50  7:33  Missile Turret  
  50  7:34  Missile Turret  
  50  7:41  Missile Turret  
  50  7:42  SCV x3  
  50  7:44  SCV  
  54  7:50  Missile Turret  
  54  7:53  Missile Turret  
  54  7:54  SCV x2  
  54  7:55  SCV  
  54  7:56  SCV  
  58  7:59  Missile Turret  
  58  8:03  Missile Turret  
  58  8:06  Missile Turret, SCV x2  
  58  8:09  Missile Turret  
  58  8:10  Missile Turret x2  
  60  8:28  Missile Turret  
  60  8:31  Missile Turret  
  60  8:32  Missile Turret  
  60  8:50  Missile Turret, SCV x4  
  60  8:54  Missile Turret  
  60  8:55  Missile Turret  
  64  9:02  SCV x4  
  68  9:10  Missile Turret  
  68  9:13  Missile Turret  
  68  9:17  Missile Turret  
  68  9:18  Missile Turret  
  68  9:21  Missile Turret  
  68  9:23  Missile Turret, Command Center  
  68  9:33  Missile Turret  
  68  9:35  Missile Turret  
  68  9:38  Missile Turret  
  68  9:39  SCV x2  
  68  9:40  SCV  
  71  9:48  Missile Turret, SCV  
  71  9:51  Missile Turret, SCV x2  
  74  9:54  SCV  
  74  9:56  Missile Turret  
  74  9:57  Missile Turret  
  74  9:58  Missile Turret  
  75  10:00  SCV  
  75  10:03  SCV x2  
  75  10:06  SCV  
  79  10:08  Missile Turret  
  79  10:12  Missile Turret, SCV  
  80  10:14  Missile Turret  
  80  10:22  Missile Turret  
  80  10:25  Missile Turret  
  80  10:34  Missile Turret  
  80  10:39  Missile Turret  
  80  10:40  Missile Turret  
  80  10:47  Missile Turret  
  80  10:50  Missile Turret  
  80  10:59  Missile Turret x3  
  80  11:20  Missile Turret  
  80  11:26  Command Center x3  
  80  11:33  Command Center, Planetary Fortress  
  80  11:35  SCV x4  
  84  11:41  Missile Turret  
  84  11:47  SCV x4  
  88  11:59  SCV x4  
  92  12:02  Missile Turret  
  92  12:09  Command Center  
  92  12:11  SCV x3  
  92  12:12  SCV  
  96  12:16  Command Center  
  96  12:19  Command Center  
  96  12:22  Missile Turret  
  96  12:23  SCV x3  
  96  12:24  SCV  
  96  12:25  Command Center  
  100  12:35  SCV x2  
  100  12:36  SCV x2  
  104  12:42  Missile Turret  
  104  12:44  Planetary Fortress  
  104  12:46  Planetary Fortress x3  
  104  12:53  Missile Turret, SCV x3  
  104  12:54  SCV x2  
  104  12:55  Missile Turret  
  109  12:59  Missile Turret  
  109  13:04  Missile Turret  
  109  13:05  SCV x3  
  110  13:06  SCV x2  
  110  13:08  Missile Turret  
  110  13:09  Missile Turret  
  114  13:13  Missile Turret  
  114  13:17  Missile Turret  
  114  13:26  Missile Turret  
  114  13:27  Missile Turret  
  114  13:31  Missile Turret x3  
  114  13:33  Missile Turret  
  114  13:34  Missile Turret  
  114  13:35  Missile Turret  
  114  13:36  Missile Turret  
  114  13:38  Missile Turret  
  114  13:40  Missile Turret  
  113  13:42  Missile Turret  
  113  13:44  Missile Turret  
  113  13:50  Missile Turret  
  113  13:51  Missile Turret  
  113  13:52  Missile Turret  
  113  13:54  Missile Turret  
  113  13:57  Missile Turret x2  
  113  14:01  Missile Turret  
  111  14:04  Missile Turret  
  111  14:07  Missile Turret  
  111  14:08  Missile Turret x3  
  111  14:10  Missile Turret  
  111  14:12  Missile Turret  
  111  14:13  Missile Turret  
  111  14:16  Missile Turret  
  110  14:18  Missile Turret  
  110  14:19  Missile Turret  
  110  14:20  Missile Turret  
  110  14:21  Missile Turret  
  110  14:29  Missile Turret  
  110  14:31  Missile Turret  
  110  14:33  Missile Turret  
  110  14:34  Missile Turret x2  
  110  14:36  Missile Turret x4  
  110  14:37  Missile Turret x3  
  110  14:39  Missile Turret  
  110  14:40  Missile Turret  
  110  14:50  Missile Turret  
  110  14:54  Missile Turret  
  110  14:56  Missile Turret  
  110  14:58  Missile Turret  
  110  14:59  Missile Turret  
  110  15:00  Missile Turret  
  110  15:02  Missile Turret x2, SCV  
  110  15:03  Missile Turret x2  
  110  15:06  Missile Turret x3, SCV x3  
  114  15:15  SCV  
  114  15:17  Missile Turret  
  115  15:23  SCV x4  
  115  15:24  SCV x2  
  115  15:27  SCV, Planetary Fortress  
  122  15:28  Planetary Fortress  
  122  15:29  Planetary Fortress  
  122  15:30  Planetary Fortress  
  122  15:39  SCV  
  123  15:42  Missile Turret  
  123  15:44  Missile Turret x3  
  123  15:45  Missile Turret  
  123  15:46  Missile Turret  
  123  15:47  Missile Turret  
  123  15:48  Missile Turret  
  123  15:49  Missile Turret x2  
  123  15:51  Missile Turret x2  
  123  15:52  Missile Turret  
  123  15:53  Missile Turret  
  123  15:59  Missile Turret x3  
  123  16:00  Missile Turret  
  123  16:05  Missile Turret x3  
  123  16:07  Missile Turret  
  123  16:08  Missile Turret x2  
  123  16:13  Missile Turret  
  123  16:14  Missile Turret, SCV x2  
  123  16:15  Missile Turret, SCV x6  
  123  16:16  Missile Turret, SCV x5  
  136  16:18  Missile Turret  
  136  16:19  Missile Turret  
  136  16:20  Missile Turret  
  136  16:26  SCV  
  136  16:27  SCV x3  
  136  16:32  Command Center  
  140  16:36  Command Center x2  
  140  16:42  Command Center  
  140  16:47  Refinery  
  140  16:49  Refinery  
  140  17:11  SCV  
  140  17:12  SCV x6  
  140  17:13  SCV x5  
  140  17:14  SCV  
  153  17:24  SCV x6  
  153  17:25  SCV  
  160  17:48  SCV  
  161  19:05  Missile Turret x2  
  161  19:06  Missile Turret  
  161  19:07  Missile Turret  
  161  19:09  Missile Turret x2  
  161  19:10  Missile Turret  
  161  19:11  Missile Turret  
  161  19:12  Missile Turret  
  161  19:17  Missile Turret  
  148  19:29  Missile Turret x2  
  148  19:30  Missile Turret  
  138  19:31  Missile Turret  
  138  19:32  Planetary Fortress  
  138  19:33  Missile Turret  
  138  19:35  Missile Turret  
  138  19:38  Missile Turret x2  
  138  19:39  Missile Turret  
  138  19:40  Missile Turret  
  138  19:42  Missile Turret  
  138  19:43  Missile Turret  
  138  19:44  Missile Turret x4  
  138  19:51  Planetary Fortress  
  130  20:03  Missile Turret x2  
  130  20:05  Missile Turret  
  130  20:06  Missile Turret  
  130  20:07  Missile Turret x2  
  130  20:08  Missile Turret x2  
  130  20:12  Missile Turret  
  75  21:20  Barracks  
Show
View Real Time Build Order
Export as new Build Order

Jimmy Terran 

Build Orders:  

Get SALT Encoding   

  12  0:13  Supply Depot  
  12  0:41  Barracks  
  12  0:45  Supply Depot  
  12  1:01  Refinery  
  12  1:11  Supply Depot  
  12  1:14  SCV  
  13  1:26  SCV  
  13  1:31  Barracks  
  14  1:40  Orbital Command  
  14  1:48  Refinery  
  14  1:52  Marine  
  15  2:10  Marine  
  16  2:24  SCV  
  16  2:28  Barracks Reactor  
  17  2:36  SCV  
  18  2:49  SCV  
  18  2:50  Marine  
  20  3:01  SCV  
  20  3:02  Supply Depot  
  21  3:08  Marine  
  22  3:13  SCV  
  22  3:14  Marine  
  22  3:15  Marine  
  25  3:25  SCV  
  25  3:26  Marine, Engineering Bay  
  27  3:32  Marine x2  
  29  3:50  Marine x2, Barracks Tech Lab  
  29  3:53  Terran Infantry Weapons Level 1  
  31  3:57  Factory  
  31  4:01  Supply Depot  
  31  4:08  Marine x2  
  33  4:16  Marine  
  34  4:26  Marine x2  
  36  4:34  Marine  
  37  4:44  Marine x2, Armory  
  39  4:52  Marine  
  40  4:56  Supply Depot  
  40  5:01  Marine  
  40  5:06  Marine  
  42  5:10  Marine  
  43  5:19  Marine  
  44  5:28  Marine  
  45  5:31  SCV  
  46  5:37  Marine x2  
  48  5:43  SCV  
  48  5:45  Marine  
  48  5:48  Terran Infantry Armor Level 1  
  50  5:54  Marine  
  50  5:55  Marine  
  50  5:56  Refinery  
  52  6:03  Marine  
  47  6:12  Marine  
  48  6:27  Marine x2  
  48  6:29  Combat Shields  
  48  6:30  Marine  
  51  6:36  Refinery  
  51  6:46  Command Center  
  51  7:05  Marine  
  51  7:06  Marine x2  
  54  7:17  SCV  
  55  7:23  Marine  
  55  7:29  SCV  
  57  8:07  Marine  
  57  8:08  Marine x2  
  57  8:11  Terran Infantry Weapons Level 2  
  60  8:19  SCV  
  61  8:25  Marine x2  
  34  9:02  Marine x3  
  34  9:11  Barracks  
  34  9:15  SCV  
  35  9:20  Marine x3  
  38  9:27  SCV  
  39  9:34  SCV  
  39  9:38  Marine  
  41  9:42  Marine  
  41  9:43  Marine  
  43  9:46  SCV  
  44  9:54  Orbital Command  
  44  9:59  SCV  
  45  10:14  Barracks Reactor  
  45  10:18  Barracks  
  45  10:22  Marine x3  
  45  10:27  Terran Infantry Armor Level 2  
  48  10:30  SCV  
  49  10:40  Marine x3  
  49  10:42  SCV  
  53  10:54  SCV  
  53  10:56  Marine x2  
  56  10:58  Marine x3  
  59  11:04  Barracks Reactor  
  59  11:11  Barracks  
  59  11:14  Marine x2  
  59  11:15  Marine  
  59  11:16  Marine  
  59  11:18  Supply Depot  
  63  11:27  Marine  
  63  11:32  Marine x2  
  66  11:33  Marine x2  
  68  11:42  Supply Depot  
  68  11:44  Marine  
  69  11:49  Marine  
  69  11:50  Marine x3  
  69  11:51  Marine x2  
  75  12:02  Marine  
  75  12:03  SCV  
  75  12:07  Marine x3  
  75  12:08  Marine  
  81  12:09  Marine  
  81  12:15  Supply Depot, SCV, Barracks Reactor  
  83  12:27  SCV  
  84  12:32  Marine x2  
  84  12:33  Marine x5  
  91  12:39  SCV  
  91  12:42  Supply Depot  
  92  12:50  Marine  
  93  12:54  Unknown  
  93  12:56  Unknown  
  48  13:41  Marine x5  
  49  13:42  Marine x4  
  49  13:48  Terran Infantry Weapons Level 3  
  50  13:58  Marine  
  50  13:59  Marine x6  
  50  14:00  Marine x2  
  59  14:16  Marine x2  
  59  14:17  Marine x5  
  61  14:18  Marine x2  
  68  14:34  Marine x3  
  68  14:35  Marine x4  
  75  14:53  Marine x3  
  75  14:54  Marine x5  
  75  14:55  Marine  
  84  15:06  Supply Depot  
  84  15:11  Marine x4  
  84  15:12  Marine x5  
  93  15:29  Marine x2  
  93  15:30  Marine x3  
  93  15:31  Marine x4  
  102  15:47  Marine  
  103  15:58  Marine x5  
  103  15:59  Marine x3  
  111  16:19  Marine x5  
  111  16:20  Marine  
  111  16:25  Terran Infantry Armor Level 3  
  117  16:30  Marine x3  
  120  16:37  Marine x3  
  123  16:45  Marine  
  123  16:46  Marine x2  
  126  16:47  Marine  
  126  16:48  Marine x2  
  129  16:54  Marine x2  
  131  17:21  Marine x4  
  131  17:22  Marine x5  
  139  17:27  Supply Depot  
  140  17:39  Marine x5  
  140  17:40  Marine x4  
  149  17:56  Marine  
  149  17:57  Marine  
  151  18:02  Marine x4  
  151  18:03  Marine x3  
  158  18:17  Marine  
  158  18:18  Marine  
  160  18:20  Marine x2  
  162  18:35  Starport  
  162  18:41  Starport  
  162  18:51  Supply Depot  
  162  18:54  Supply Depot  
  162  19:02  Building Armor  
  162  19:16  Starport Tech Lab  
  162  19:23  Starport Reactor  
  162  19:28  Starport  
  162  19:51  High Capacity Fuel Tanks  
  162  19:59  Supply Depot  
  162  20:04  Starport Reactor  
  162  20:06  Medivac x2  
  166  20:17  Medivac  
  168  20:36  Medivac x2  
  172  20:44  Medivac x2  
  172  20:47  Medivac  
  178  21:06  Medivac x2  
  182  21:14  Medivac x2  
  182  21:17  Medivac  
Show
View Real Time Build Order
Export as new Build Order

ESCUDO Protoss 

Build Orders:  

Get SALT Encoding   

  12  0:11  Probe  
  13  0:23  Probe (Chrono Boost)  
  14  0:29  Pylon  
  15  0:35  Probe (Chrono Boost)  
  15  0:38  Assimilator  
  15  0:43  Assimilator  
  15  0:46  Probe (Chrono Boost)  
  16  0:58  Forge  
  16  1:00  Probe  
  17  1:37  Pylon  
  17  1:38  Probe (Chrono Boost)  
  18  1:44  Gateway  
  18  1:48  Probe (Chrono Boost)  
  18  1:53  Probe (Chrono Boost)  
  19  1:57  Photon Cannon  
  20  2:03  Photon Cannon  
  20  2:05  Probe  
  21  2:17  Probe  
  22  2:30  Pylon  
  22  3:00  Pylon  
  22  3:11  Probe (Chrono Boost)  
  24  3:20  Photon Cannon  
  24  3:21  Probe (Chrono Boost)  
  24  3:28  Photon Cannon  
  24  3:37  Photon Cannon  
  24  3:56  Pylon  
  23  4:14  Cybernetics Core  
  23  4:19  Pylon  
  23  4:22  Pylon  
  23  4:24  Pylon  
  23  4:46  Nexus  
  23  4:49  Assimilator  
  23  4:53  Assimilator  
  23  5:04  Stargate x2  
  23  5:14  Forge  
  23  5:16  Probe  
  24  5:28  Probe  
  25  5:40  Probe  
  26  5:43  Stargate  
  26  5:58  Void Ray  
  26  5:59  Void Ray  
  34  6:21  Photon Cannon  
  34  6:24  Photon Cannon  
  34  6:27  Probe (Chrono Boost)  
  39  6:35  Probe (Chrono Boost), Void Ray (Chrono Boost)  
  41  6:43  Probe (Chrono Boost)  
  41  6:45  Probe (Chrono Boost)  
  42  6:51  Probe (Chrono Boost)  
  48  6:54  Void Ray (Chrono Boost)  
  48  6:55  Probe (Chrono Boost)  
  48  6:57  Void Ray (Chrono Boost)  
  48  6:58  Probe (Chrono Boost)  
  53  7:02  Probe (Chrono Boost)  
  53  7:04  Probe  
  55  7:13  Probe  
  56  7:20  Pylon  
  56  7:25  Probe  
  56  7:28  Void Ray  
  61  7:38  Probe  
  61  7:43  Void Ray  
  66  7:51  Void Ray  
  70  8:12  Pylon  
  70  8:16  Pylon  
  70  8:19  Pylon  
  70  8:28  Probe x2  
  52  8:40  Probe x2  
  54  8:42  Void Ray x2  
  54  8:43  Void Ray  
  66  9:42  Void Ray x3  
  74  9:52  Stargate  
  74  9:53  Stargate  
  74  10:25  Void Ray x2  
  82  10:29  Void Ray  
  86  10:36  Void Ray  
  90  10:43  Nexus  
  90  10:47  Assimilator  
  90  10:51  Assimilator  
  90  10:55  Pylon  
  90  10:57  Pylon  
  90  11:01  Pylon  
  90  11:08  Void Ray  
  94  11:18  Void Ray x2  
  78  12:18  Probe  
  79  12:30  Probe  
  79  12:35  Void Ray x5  
  100  12:42  Probe  
  101  12:54  Probe  
  102  13:04  Fleet Beacon  
  102  13:18  Void Ray x2  
  58  13:52  Void Ray (Chrono Boost)  
  66  14:00  Void Ray x2 (Chrono Boost)  
  70  14:07  Void Ray (Chrono Boost)  
  74  14:15  Void Ray (Chrono Boost)  
  74  14:26  Void Ray (Chrono Boost)  
  78  14:35  Protoss Air Weapons Level 1  
  78  14:36  Void Ray x2  
  86  14:52  Void Ray x2  
  94  15:08  Probe  
  94  15:11  Void Ray  
  99  15:20  Probe  
  100  15:21  Void Ray  
  100  15:22  Void Ray  
  108  16:13  Void Ray x5  
  128  16:30  Protoss Air Armor Level 1  
  128  16:41  Pylon  
  128  16:43  Pylon  
  128  16:46  Pylon  
  128  16:50  Pylon  
  128  16:54  Pylon  
  128  16:56  Pylon, Void Ray  
  128  17:00  Mothership  
  140  17:45  Void Ray x4  
  156  18:29  Void Ray  
  156  18:30  Void Ray x3  
  172  18:56  Pylon, Protoss Air Weapons Level 2 (Chrono Boost)  
  172  18:57  Pylon  
  172  19:00  Pylon  
  172  19:16  Void Ray  
Show
View Real Time Build Order
Export as new Build Order

owl Zerg 

Build Orders: Hatch First 

Get SALT Encoding   

  12  0:20  Drone, Overlord  
  12  0:21  Drone  
  14  0:25  Extractor  
  13  1:03  Hatchery  
  12  1:11  Drone, Spawning Pool  
  12  1:18  Drone  
  13  1:44  Drone x3  
  16  2:09  Drone  
  16  2:10  Zergling x2  
  18  2:27  Zergling x2  
  19  2:54  Drone x3  
  22  2:59  Lair  
  22  3:01  Queen  
  23  3:37  Queen  
  23  3:39  Spine Crawler  
  23  3:40  Spine Crawler  
  23  3:47  Spine Crawler  
  23  3:48  Drone x3, Spine Crawler  
  24  4:08  Metabolic Boost  
  24  4:10  Overlord x2  
  24  4:25  Hydralisk Den  
  24  4:28  Queen  
  25  4:54  Drone x3  
  28  5:14  Hatchery  
  27  5:19  Hatchery  
  26  5:28  Overseer  
  26  5:40  Hydralisk x4  
  26  5:41  Hydralisk  
  36  5:43  Overlord  
  36  5:50  Extractor  
  35  6:33  Hydralisk  
  35  6:34  Hydralisk x2  
  35  6:36  Zergling x2  
  35  6:37  Zergling x10  
  35  6:38  Zergling x6  
  35  6:39  Zergling x2  
  51  7:10  Muscular Augments  
  51  8:04  Drone x2  
  51  8:05  Drone x3  
  56  8:09  Overlord x3  
  56  8:10  Overlord x3  
  56  8:17  Pneumatized Carapace  
  46  8:59  Drone x4  
  46  9:00  Drone x5  
  46  9:01  Drone x2  
  57  9:05  Drone x4  
  57  9:06  Drone  
  62  9:46  Hydralisk x5  
  62  9:47  Hydralisk x4  
  80  10:10  Drone x4  
  80  10:11  Drone x5  
  80  10:12  Drone x4  
  93  10:17  Overlord x3  
  93  10:42  Spore Crawler  
  92  10:44  Spore Crawler  
  91  10:52  Spore Crawler x2  
  89  10:58  Hydralisk x2  
  89  10:59  Hydralisk x5  
  89  11:00  Hydralisk x5  
  89  11:01  Hydralisk  
  115  11:27  Nydus Network  
  114  11:56  Extractor  
  114  11:58  Extractor  
  112  12:01  Extractor  
  112  12:02  Extractor  
  110  12:23  Evolution Chamber  
  110  12:24  Evolution Chamber  
  110  12:26  Unknown  
  107  13:02  Unknown x2  
  44  13:42  Hydralisk x3  
  44  13:43  Hydralisk x8  
  44  13:44  Hydralisk x4  
  74  13:50  Hydralisk  
  68  14:35  Zergling x10  
  68  14:36  Zergling x12  
  68  14:37  Zergling x10  
  68  14:38  Zergling x10  
  88  14:39  Zergling x12  
  88  14:40  Zergling x10  
  88  14:41  Zergling x10  
  88  14:42  Zergling x10  
  110  14:47  Queen  
  110  14:52  Queen  
  114  14:54  Queen  
  116  15:23  Queen  
  118  15:47  Overlord  
  118  15:48  Overlord x5  
  118  15:49  Overlord  
  118  16:13  Zerg Ground Armor Level 1  
  118  16:15  Zerg Melee Weapons Level 1  
  118  16:24  Hydralisk x5  
  118  16:25  Hydralisk x6  
  140  16:45  Nydus Canal  
  102  17:43  Hydralisk  
  102  17:44  Hydralisk x5  
  114  18:23  Drone x2  
  114  18:24  Drone  
  117  18:31  Zerg Ground Armor Level 2  
  117  18:32  Zerg Melee Weapons Level 2  
  117  18:42  Infestation Pit  
  116  19:17  Overlord x5  
  116  19:18  Overlord x5  
  116  19:19  Overlord  
  116  19:36  Zergling x8  
  116  19:37  Zergling x12  
  116  19:38  Zergling x10  
  131  20:33  Hydralisk x3  
  131  20:34  Hydralisk x6  
  131  20:35  Hydralisk x6  
  151  20:36  Hydralisk x4  
  151  20:37  Hydralisk x3  
Tags
 
Add a new tag
Caveats
  • Supply blocks, unpowered buildings, or Contaminate may cause inaccurate times.
  • Supply counts are checked every 10 seconds.